Little Stars vs Penguins
Created - March 27, 2022 at 22:13
Goals
|
| Little Stars |
0 |
1 |
1 |
2 |
| Penguins |
0 |
3 |
1 |
4 |
|
Shots
|
| Little Stars |
12 |
10 |
4 |
26 |
| Penguins |
11 |
19 |
9 |
39 |
|
1st period
No Goal
Penalties :
Tyler Wotherspoon (Tex) for Hooking (Minor) at 8:49
2nd period
1. Little Stars , Jordan LaVallee 29 (Daniel O'regan 46, Anton Cederholm 21) at 4:19
2. Penguins , Andy Andreoff 15 (Roope Hintz 21, Dakota Mermis 21) at 6:53
3. Penguins , Kyle Connor 21 (Dakota Mermis 22, Cedric Paquette 35) at 8:54 (PP)
4. Penguins , Cedric Paquette 13 (Gavin Bayreuther 13, Danny Biega 10) at 18:08 (PP)
Penalties :
Jason Dickinson (Tex) for Diving (Minor) at 7:36, Sebastian Wannstrom (Tex) for Tripping (Minor) at 10:43, Tucker Poolman (Tex) for Hooking (Minor) at 17:33
3rd period
5. Little Stars , Daniil Tarasov 4 (Ville Pokka 6, Radel Fazleev 1) at 3:06
6. Penguins , John Marino 1 (Josh Jooris 24, Andy Andreoff 18) at 13:01
Penalties :
Reece Willcox (Tex) for Tripping (Minor) at 3:28, Josh Jooris (Wil) for Holding (Minor) at 13:17
Goalie Stats
Connor Knapp (Tex), 35 saves from 39 shots - (0.897), L, 14-12-3, 60:00 minutes
Connor Hellebyuk (Wil), 24 saves from 26 shots - (0.923), W, 18-15-1, 60:00 minutes
Players Stats for Little Stars
Player Name G A P +/- PIM S H SB GA TA FO MP PP MP PK MP
------------------------------------------------------------------------------------
Adam Tambellini 0 0 0 -2 0 2 0 2 1 0 1/2 17:59 0:54 3:06
Anton Cederholm 0 1 1 -1 0 1 1 0 0 0 0/0 26:55 1:08 4:51
Daniel O'regan 0 1 1 1 0 2 1 0 0 0 16/30 21:48 1:05 4:25
Daniil Tarasov 1 0 1 1 0 3 2 0 0 0 0/1 10:52 0:00 0:00
Eric Knodel 0 0 0 0 0 0 3 0 0 0 0/0 19:37 0:51 3:09
Ilya Mikheyev 0 0 0 1 0 1 0 0 0 0 2/4 17:00 1:05 0:00
Jason Dickinson 0 0 0 -2 2 0 4 1 0 0 2/8 16:57 0:54 2:36
Joakim Nygard 0 0 0 0 0 3 1 0 0 0 0/0 11:24 0:00 0:30
Jordan LaVallee 1 0 1 1 0 4 1 0 2 1 1/2 21:42 1:05 4:14
Michael Mersch 0 0 0 1 0 2 0 0 0 0 0/0 9:29 0:00 0:00
Radel Fazleev 0 1 1 1 0 1 1 0 0 0 2/3 11:06 0:00 0:49
Reece Willcox 0 0 0 -1 2 1 1 3 0 2 0/0 21:01 1:08 2:46
Roman Horak 0 0 0 0 0 2 1 0 0 0 3/4 9:39 0:00 0:00
Sebastian Wannstrom 0 0 0 -2 2 0 2 0 0 0 0/1 14:28 0:54 0:00
Tucker Poolman 0 0 0 1 2 2 0 0 0 1 0/0 17:42 0:51 2:11
Tyler Wotherspoon 0 0 0 0 2 2 1 3 1 1 0/0 17:18 0:00 2:14
Ville Pokka 0 1 1 1 0 0 2 1 0 0 0/0 16:19 0:00 0:29
Zach Budish 0 0 0 0 0 0 4 0 0 0 0/0 10:49 0:00 0:00
Players Stats for Penguins
Player Name G A P +/- PIM S H SB GA TA FO MP PP MP PK MP
------------------------------------------------------------------------------------
Adam Brooks 0 0 0 0 0 1 4 0 0 0 3/5 10:39 0:06 0:07
Andy Andreoff 1 1 2 1 0 4 5 1 0 0 3/3 20:42 4:01 1:00
Anthony Beauvillier 0 0 0 -1 0 0 2 0 0 1 0/0 11:38 0:06 0:46
Cedric Paquette 1 1 2 0 0 2 3 1 0 0 7/13 17:45 3:43 0:52
Christopher Tanev 0 0 0 1 0 0 2 1 0 1 0/0 26:46 4:17 1:00
Dakota Mermis 0 2 2 1 0 1 3 2 1 2 0/0 26:46 4:17 1:00
Danny Biega 0 1 1 -1 0 1 2 3 0 0 0/0 21:14 3:33 0:59
Frederick Gaudreau 0 0 0 -1 0 1 2 0 0 0 1/3 11:14 0:00 0:00
Gavin Bayreuther 0 1 1 -1 0 2 1 2 1 0 0/0 21:14 3:33 0:59
Iven Barbashev 0 0 0 0 0 4 3 0 1 0 0/0 11:17 0:06 0:00
John Marino 1 0 1 0 0 1 1 0 0 0 0/0 12:00 0:00 0:00
Josh Jooris 0 1 1 1 2 6 3 0 0 0 1/2 19:47 4:01 0:00
Juuso Ikonen 0 0 0 0 0 1 1 0 0 0 0/0 9:59 0:00 0:00
Kyle Connor 1 0 1 0 0 4 1 0 1 0 0/0 17:21 3:43 0:13
Matthew Finn 0 0 0 0 0 0 0 0 0 0 0/0 12:00 0:00 0:00
Roope Hintz 0 1 1 1 0 3 2 0 0 0 12/28 20:42 4:01 1:00
Sam Reinhart 0 0 0 -1 0 2 1 0 0 0 1/1 10:02 0:00 0:00
Vince Hinostroza 0 0 0 0 0 6 1 0 1 0 0/0 16:54 3:43 0:00
3 Stars
1 - Andy Andreoff (Wil)
2 - Cedric Paquette (Wil)
3 - Dakota Mermis (Wil)
Power Play
Little Stars - 0 on 1 Attempt(s) - 0.00%
Penguins - 2 on 5 Attempt(s) - 40.00%
Penalty Kill
Little Stars - 3 on 5 Attempt(s) - 60.00%
- Score 0 goal in Penalty Kill
Penguins - 1 on 1 Attempt(s) - 100.00%
- Score 0 goal in Penalty Kill
Team Stat
Little Stars - Hits : 25 - Faceoff Wins : 27 - Blocked Shots : 10 - Penalty Minutes : 10
Penguins - Hits : 37 - Faceoff Wins : 28 - Blocked Shots : 10 - Penalty Minutes : 2
Official
Referees : Dan O'Rourke and Brian Pochmara
Linesman : Julien Fournier and Jesse Marquis
Game Notes
Tyler Wotherspoon is injured at 19:55 of 2nd period (Left Hip)
Finance
Level 1 -- Attendance: 1674 (83.70%) -- Ticket Income $58,590
Level 2 -- Attendance: 967 (96.70%) -- Ticket Income $14,505
Total Attendance: 2641 (88.03%)
Total Ticket Income: $73,095
Other Income: $3,655
Total Income: $76,750
Little Stars
5 vs 5 Forward
Center Left Wing Right Wing Time % Phy DF OF
1 Daniel O'regan Jordan LaVallee Ilya Mikheyev 40 1 2 2
2 Jason Dickinson Adam Tambellini Sebastian Wannstrom 30 1 2 2
3 Roman Horak Joakim Nygard Zach Budish 20 1 2 2
4 Radel Fazleev Michael Mersch Daniil Tarasov 10 1 2 2
5 vs 5 Defense
Defense Defense Time % Phy DF OF
1 Tyler Wotherspoon Anton Cederholm 40 1 2 2
2 Eric Knodel Reece Willcox 30 1 2 2
3 Tucker Poolman Ville Pokka 20 1 2 2
4 Tyler Wotherspoon Anton Cederholm 10 1 2 2
PowerPlay Forward
Center Left Wing Right Wing Time % Phy DF OF
1 Daniel O'regan Jordan LaVallee Ilya Mikheyev 60 1 2 2
2 Jason Dickinson Adam Tambellini Sebastian Wannstrom 40 1 2 2
PowerPlay Defense
Defense Defense Time % Phy DF OF
1 Tyler Wotherspoon Anton Cederholm 60 1 2 2
2 Eric Knodel Reece Willcox 40 1 2 2
Penalty Kill 4 Players Forward
Center Wing Time % Phy DF OF
1 Daniel O'regan Jordan LaVallee 60 1 2 2
2 Jason Dickinson Adam Tambellini 40 1 2 2
Penalty Kill 4 Players Defense
Defense Defense Time % Phy DF OF
1 Tyler Wotherspoon Anton Cederholm 60 1 2 2
2 Eric Knodel Reece Willcox 40 1 2 2
Penalty Kill - 3 Players Forward
Forward Time % Phy DF OF
1 Daniel O'regan 60 1 2 2
2 Jason Dickinson 40 1 2 2
Penalty Kill - 3 Players Defense
Defense Defense Time % Phy DF OF
1 Tyler Wotherspoon Anton Cederholm 60 1 2 2
2 Eric Knodel Reece Willcox 40 1 2 2
4 vs 4 Forward
Center Wing Time % Phy DF OF
1 Daniel O'regan Jordan LaVallee 60 1 2 2
2 Jason Dickinson Adam Tambellini 40 1 2 2
4 vs 4 Defense
Defense Defense Time % Phy DF OF
1 Tyler Wotherspoon Anton Cederholm 60 1 2 2
2 Eric Knodel Reece Willcox 40 1 2 2
Last Minutes Offensive
Center Left Wing Right Wing Defense Defense
Daniel O'regan Jordan LaVallee Ilya Mikheyev Tyler Wotherspoon Anton Cederholm
Last Minutes Defensive
Center Left Wing Right Wing Defense Defense
Daniel O'regan Jordan LaVallee Ilya Mikheyev Tyler Wotherspoon Anton Cederholm
Goaltenders
Starting : Connor Knapp
Backup : Dustin Tokarski
Extra Forwards
Normal : Daniel O'regan, Sebastian Wannstrom, Zach Budish - PP : Daniel O'regan, Sebastian Wannstrom - PK : Daniel O'regan
Extra Defensemen
Normal : Reece Willcox, Tucker Poolman, Ville Pokka - PP : Reece Willcox - PK : Reece Willcox, Tucker Poolman
Penalty Shots
Jordan LaVallee, Ilya Mikheyev, Adam Tambellini, Joakim Nygard, Daniel O'regan
Scratches
Emile Poirier (Healthy), Jean-Christophe Beaudin (Healthy), Justin Auger (Healthy), Lawrence Pilut (Healthy), Rudolfs Balcers (Healthy)
Shane Gersich (Healthy), Yakov Trenin (Healthy), Henrik Borgstrom (Chest/Ribs Injury), Frederic Allard (Healthy), Matt Luff (Healthy)
Joey Anderson (Healthy), Jonathan Dahlen (Healthy), Givani Smith (Healthy)
Penguins
5 vs 5 Forward
Center Left Wing Right Wing Time % Phy DF OF
1 Roope Hintz Andy Andreoff Josh Jooris 40 1 2 2
2 Cedric Paquette Kyle Connor Vince Hinostroza 30 1 2 2
3 Frederick Gaudreau Anthony Beauvillier Sam Reinhart 20 1 2 2
4 Adam Brooks Juuso Ikonen Iven Barbashev 10 1 2 2
5 vs 5 Defense
Defense Defense Time % Phy DF OF
1 Christopher Tanev Dakota Mermis 40 1 2 2
2 Danny Biega Gavin Bayreuther 30 1 2 2
3 John Marino Matthew Finn 20 1 2 2
4 Christopher Tanev Dakota Mermis 10 1 2 2
PowerPlay Forward
Center Left Wing Right Wing Time % Phy DF OF
1 Roope Hintz Andy Andreoff Josh Jooris 60 1 2 2
2 Cedric Paquette Kyle Connor Vince Hinostroza 40 1 2 2
PowerPlay Defense
Defense Defense Time % Phy DF OF
1 Christopher Tanev Dakota Mermis 60 1 2 2
2 Danny Biega Gavin Bayreuther 40 1 2 2
Penalty Kill 4 Players Forward
Center Wing Time % Phy DF OF
1 Roope Hintz Andy Andreoff 60 1 2 2
2 Cedric Paquette Kyle Connor 40 1 2 2
Penalty Kill 4 Players Defense
Defense Defense Time % Phy DF OF
1 Christopher Tanev Dakota Mermis 60 1 2 2
2 Danny Biega Gavin Bayreuther 40 1 2 2
Penalty Kill - 3 Players Forward
Forward Time % Phy DF OF
1 Roope Hintz 60 1 2 2
2 Cedric Paquette 40 1 2 2
Penalty Kill - 3 Players Defense
Defense Defense Time % Phy DF OF
1 Christopher Tanev Dakota Mermis 60 1 2 2
2 Danny Biega Gavin Bayreuther 40 1 2 2
4 vs 4 Forward
Center Wing Time % Phy DF OF
1 Roope Hintz Andy Andreoff 60 1 2 2
2 Cedric Paquette Kyle Connor 40 1 2 2
4 vs 4 Defense
Defense Defense Time % Phy DF OF
1 Christopher Tanev Dakota Mermis 60 1 2 2
2 Danny Biega Gavin Bayreuther 40 1 2 2
Last Minutes Offensive
Center Left Wing Right Wing Defense Defense
Roope Hintz Andy Andreoff Josh Jooris Christopher Tanev Dakota Mermis
Last Minutes Defensive
Center Left Wing Right Wing Defense Defense
Roope Hintz Andy Andreoff Josh Jooris Christopher Tanev Dakota Mermis
Goaltenders
Starting : Connor Hellebyuk
Backup : Anthony Stolarz
Extra Forwards
Normal : Roope Hintz, Cedric Paquette, Frederick Gaudreau - PP : Roope Hintz, Cedric Paquette - PK : Roope Hintz
Extra Defensemen
Normal : Gavin Bayreuther, John Marino, Matthew Finn - PP : Gavin Bayreuther - PK : Gavin Bayreuther, John Marino
Penalty Shots
Josh Jooris, Andy Andreoff, Vince Hinostroza, Sam Reinhart, Roope Hintz
Scratches
Andrew O'Brien (Left Hand Injury), Brett Pollock (Healthy), Curtis Hamilton (Healthy), Denis Malgin (Healthy), Josh Ho-Sang (Healthy)
Max Gortz (Healthy), Raphael Bussieres (Healthy), Sam Kurker (Healthy), Steven Spinner (Healthy), German Rubtsov (Healthy)
% Time on Ice - Little Stars
Lines # - Real PCT - Wanted PCT - Time Play
Normal Forward
1 - 34% - 40% - 16:54
2 - 28% - 30% - 14:09
3 - 19% - 20% - 9:39
4 - 19% - 10% - 9:29
Normal Defense
1 - 41% - 40% - 20:25
2 - 27% - 30% - 13:45
3 - 25% - 20% - 12:35
4 - 7% - 10% - 3:26
PP Forward
1 - 55% - 60% - 1:05
2 - 45% - 40% - 0:54
PP Defense
1 - 100% - 60% - 1:59
2 - 0% - 40% - 0:00
PK Forward
1 - 79% - 60% - 6:09
2 - 21% - 40% - 1:41
PK Defense
1 - 56% - 60% - 4:22
2 - 44% - 40% - 3:28
PK3 Forward
1 - 0% - 60%
2 - 0% - 40%
PK3 Defense
1 - 0% - 60%
2 - 0% - 40%
44 Forward
1 - 0% - 60%
2 - 0% - 40%
44 Defense
1 - 0% - 60%
2 - 0% - 40%
Last Minute Offensive - 0:00
Last Minute Defensive - 0:00
Total
Forward - 60:00
Defense - 60:00
|
% Time on Ice - Penguins
Lines # - Real PCT - Wanted PCT - Time Play
Normal Forward
1 - 33% - 40% - 16:31
2 - 27% - 30% - 13:39
3 - 20% - 20% - 10:02
4 - 20% - 10% - 9:59
Normal Defense
1 - 38% - 40% - 19:12
2 - 33% - 30% - 16:42
3 - 24% - 20% - 12:00
4 - 5% - 10% - 2:17
PP Forward
1 - 53% - 60% - 4:07
2 - 47% - 40% - 3:43
PP Defense
1 - 55% - 60% - 4:17
2 - 45% - 40% - 3:33
PK Forward
1 - 89% - 60% - 1:46
2 - 11% - 40% - 0:13
PK Defense
1 - 50% - 60% - 1:00
2 - 50% - 40% - 0:59
PK3 Forward
1 - 0% - 60%
2 - 0% - 40%
PK3 Defense
1 - 0% - 60%
2 - 0% - 40%
44 Forward
1 - 0% - 60%
2 - 0% - 40%
44 Defense
1 - 0% - 60%
2 - 0% - 40%
Last Minute Offensive - 0:00
Last Minute Defensive - 0:00
Total
Forward - 60:00
Defense - 60:00
|
Play-by-Play
1st period
0:01 of 1st period - Roope Hintz wins face-off versus Daniel O'regan in neutral zone.
0:04 of 1st period - Jordan LaVallee is hit by Andy Andreoff and loses puck.
0:27 of 1st period - Jason Dickinson is hit by Dakota Mermis and loses puck.
0:55 of 1st period - Dakota Mermis is hit by Joakim Nygard and loses puck.
1:10 of 1st period - Wrist shot by Adam Brooks.
1:10 of 1st period - Deflect By Juuso Ikonen.
1:10 of 1st period - Shot Misses the Net.
1:10 of 1st period - Puck is out of play.
1:11 of 1st period - Adam Brooks wins face-off versus Daniel O'regan in Little Stars zone.
1:14 of 1st period - Snap shot by Juuso Ikonen.
1:14 of 1st period - Shot Misses the Net.
1:37 of 1st period - Jason Dickinson is hit by Andy Andreoff and loses puck.
1:42 of 1st period - Snap shot by Roope Hintz.
1:42 of 1st period - Deflect By Josh Jooris.
1:42 of 1st period - Shot Misses the Net.
1:42 of 1st period - Puck is out of play.
1:43 of 1st period - Jason Dickinson wins face-off versus Cedric Paquette in Little Stars zone.
1:54 of 1st period - Wrist shot by Adam Tambellini.
1:54 of 1st period - Stopped by Connor Hellebyuk without a rebound.
1:55 of 1st period - Roope Hintz wins face-off versus Daniel O'regan in Penguins zone.
1:55 of 1st period - Roope Hintz is hit by Jordan LaVallee.
2:05 of 1st period - Slapshot by Josh Jooris.
2:05 of 1st period - Deflect By Roope Hintz.
2:05 of 1st period - Stopped by Connor Knapp without a rebound.
2:06 of 1st period - Roman Horak wins face-off versus Cedric Paquette in Little Stars zone.
2:31 of 1st period - Anton Cederholm is hit by Andy Andreoff and loses puck.
2:40 of 1st period - Wrist shot by Andy Andreoff.
2:40 of 1st period - Stopped by Connor Knapp with a rebound.
2:52 of 1st period - Eric Knodel is hit by Frederick Gaudreau.
3:23 of 1st period - Snap shot by Iven Barbashev.
3:23 of 1st period - Stopped by Connor Knapp without a rebound.
3:24 of 1st period - Josh Jooris wins face-off versus Daniel O'regan in Little Stars zone.
3:39 of 1st period - Snap shot by Josh Jooris.
3:39 of 1st period - Deflect By Jordan LaVallee.
3:39 of 1st period - Shot Misses the Net.
3:39 of 1st period - Puck is out of play.
3:40 of 1st period - Cedric Paquette wins face-off versus Roman Horak in Little Stars zone.
3:41 of 1st period - Slapshot by Vince Hinostroza.
3:41 of 1st period - Stopped by Connor Knapp with a rebound.
3:51 of 1st period - Off-side.
3:52 of 1st period - Daniel O'regan wins face-off versus Roope Hintz in neutral zone.
4:18 of 1st period - Vince Hinostroza is hit by Jason Dickinson and loses puck.
4:48 of 1st period - Snap shot by Iven Barbashev.
4:48 of 1st period - Stopped by Connor Knapp with a rebound.
4:50 of 1st period - Slapshot by Matthew Finn.
4:50 of 1st period - Shot Misses the Net.
4:52 of 1st period - Slapshot by Matthew Finn.
4:52 of 1st period - Shot Misses the Net.
5:04 of 1st period - Sam Reinhart is hit by Daniil Tarasov and loses puck.
5:11 of 1st period - Snap shot by Michael Mersch.
5:11 of 1st period - Stopped by Connor Hellebyuk with a rebound.
5:37 of 1st period - Snap shot by Josh Jooris.
5:37 of 1st period - Shot Blocked by Reece Willcox.
6:50 of 1st period - Wrist shot by Michael Mersch.
6:50 of 1st period - Stopped by Connor Hellebyuk without a rebound.
6:51 of 1st period - Daniel O'regan wins face-off versus Cedric Paquette in Penguins zone.
6:58 of 1st period - Eric Knodel is hit by Cedric Paquette and loses puck.
8:18 of 1st period - Wrist shot by Sam Reinhart.
8:18 of 1st period - Shot Blocked by Tyler Wotherspoon.
8:20 of 1st period - Wrist shot by Frederick Gaudreau.
8:20 of 1st period - Stopped by Connor Knapp without a rebound.
8:21 of 1st period - Adam Brooks wins face-off versus Jason Dickinson in Little Stars zone.
8:26 of 1st period - Slapshot by Adam Brooks.
8:26 of 1st period - Shot Misses the Net.
8:28 of 1st period - Wrist shot by Adam Brooks.
8:28 of 1st period - Shot Misses the Net.
8:30 of 1st period - Slapshot by Dakota Mermis.
8:30 of 1st period - Shot Misses the Net.
8:32 of 1st period - Slapshot by Dakota Mermis.
8:32 of 1st period - Stopped by Connor Knapp without a rebound.
8:33 of 1st period - Daniel O'regan wins face-off versus Cedric Paquette in Little Stars zone.
8:41 of 1st period - Off-side.
8:42 of 1st period - Cedric Paquette wins face-off versus Daniel O'regan in neutral zone.
8:47 of 1st period - Snap shot by Kyle Connor.
8:47 of 1st period - Stopped by Connor Knapp with a rebound.
8:49 of 1st period - Minor Penalty to Tyler Wotherspoon for Hooking.
8:50 of 1st period - Daniel O'regan wins face-off versus Roope Hintz in Little Stars zone.
10:49 of 1st period - Penalty to Tyler Wotherspoon is over, Tyler Wotherspoon is back on ice.
10:58 of 1st period - Snap shot by Tyler Wotherspoon.
10:58 of 1st period - Shot Misses the Net.
11:04 of 1st period - Radel Fazleev is hit by Adam Brooks and loses puck.
11:38 of 1st period - Icing by Josh Jooris.
11:39 of 1st period - Andy Andreoff wins face-off versus Daniel O'regan in Penguins zone.
12:10 of 1st period - Joakim Nygard is hit by Iven Barbashev and loses puck.
12:20 of 1st period - Off-side.
12:21 of 1st period - Daniel O'regan wins face-off versus Roope Hintz in neutral zone.
12:26 of 1st period - Slapshot by Tyler Wotherspoon.
12:26 of 1st period - Stopped by Connor Hellebyuk with a rebound.
12:32 of 1st period - Slapshot by Ilya Mikheyev.
12:32 of 1st period - Shot Misses the Net.
12:34 of 1st period - Snap shot by Daniel O'regan.
12:34 of 1st period - Shot Blocked by Danny Biega.
12:36 of 1st period - Slapshot by Tyler Wotherspoon.
12:36 of 1st period - Stopped by Connor Hellebyuk without a rebound.
12:37 of 1st period - Cedric Paquette wins face-off versus Jason Dickinson in Penguins zone.
12:37 of 1st period - Cedric Paquette is hit by Sebastian Wannstrom.
12:45 of 1st period - Slapshot by Adam Tambellini.
12:45 of 1st period - Stopped by Connor Hellebyuk with a rebound.
12:54 of 1st period - Icing by Dakota Mermis.
12:55 of 1st period - Daniel O'regan wins face-off versus Cedric Paquette in Penguins zone.
13:24 of 1st period - Wrist shot by Roope Hintz.
13:24 of 1st period - Shot Blocked by Ville Pokka.
13:26 of 1st period - Wrist shot by Josh Jooris.
13:26 of 1st period - Stopped by Connor Knapp without a rebound.
13:27 of 1st period - Roope Hintz wins face-off versus Ilya Mikheyev in Little Stars zone.
13:42 of 1st period - Slapshot by Daniel O'regan.
13:42 of 1st period - Shot Blocked by Danny Biega.
14:03 of 1st period - Snap shot by Vince Hinostroza.
14:03 of 1st period - Deflect By Kyle Connor.
14:03 of 1st period - Stopped by Connor Knapp with a rebound.
14:15 of 1st period - Slapshot by Sam Reinhart.
14:15 of 1st period - Shot Blocked by Reece Willcox.
14:39 of 1st period - Christopher Tanev is hit by Eric Knodel and loses puck.
14:56 of 1st period - Snap shot by Daniil Tarasov.
14:56 of 1st period - Stopped by Connor Hellebyuk without a rebound.
14:57 of 1st period - Radel Fazleev wins face-off versus Roope Hintz in Penguins zone.
14:58 of 1st period - Snap shot by Michael Mersch.
14:58 of 1st period - Shot Blocked by Danny Biega.
15:04 of 1st period - Josh Jooris is hit by Anton Cederholm and loses puck.
15:22 of 1st period - Off-side.
15:23 of 1st period - Daniel O'regan wins face-off versus Cedric Paquette in neutral zone.
15:32 of 1st period - Wrist shot by Ilya Mikheyev.
15:32 of 1st period - Deflect By Daniel O'regan.
15:32 of 1st period - Stopped by Connor Hellebyuk without a rebound.
15:33 of 1st period - Roope Hintz wins face-off versus Jason Dickinson in Penguins zone.
16:00 of 1st period - Jordan LaVallee is hit by Cedric Paquette and loses puck.
16:27 of 1st period - Snap shot by Sam Reinhart.
16:27 of 1st period - Stopped by Connor Knapp with a rebound.
17:20 of 1st period - Wrist shot by Jordan LaVallee.
17:20 of 1st period - Stopped by Connor Hellebyuk without a rebound.
17:21 of 1st period - Cedric Paquette wins face-off versus Daniel O'regan in Penguins zone.
17:28 of 1st period - Snap shot by Kyle Connor.
17:28 of 1st period - Shot Misses the Net.
17:46 of 1st period - Daniel O'regan is hit by Frederick Gaudreau and loses puck.
18:14 of 1st period - Josh Jooris is hit by Eric Knodel and loses puck.
18:33 of 1st period - Danny Biega is hit by Zach Budish and loses puck.
18:58 of 1st period - Wrist shot by Radel Fazleev.
18:58 of 1st period - Stopped by Connor Hellebyuk with a rebound.
19:00 of 1st period - Slapshot by Anton Cederholm.
19:00 of 1st period - Shot Blocked by Gavin Bayreuther.
19:02 of 1st period - Wrist shot by Anton Cederholm.
19:02 of 1st period - Stopped by Connor Hellebyuk without a rebound.
19:03 of 1st period - Andy Andreoff wins face-off versus Sebastian Wannstrom in Penguins zone.
19:10 of 1st period - Wrist shot by Adam Tambellini.
19:10 of 1st period - Shot Blocked by Dakota Mermis.
19:35 of 1st period - Wrist shot by Joakim Nygard.
19:35 of 1st period - Stopped by Connor Hellebyuk with a rebound.
19:41 of 1st period - Christopher Tanev is hit by Zach Budish and loses puck.
19:53 of 1st period - Off-side.
19:54 of 1st period - Adam Brooks wins face-off versus Ilya Mikheyev in neutral zone.
Goals for this period are 0 for Little Stars vs 0 for Penguins.
Shots for this period are 12 for Little Stars vs 11 for Penguins.
2nd period
0:01 of 2nd period - Roope Hintz wins face-off versus Daniel O'regan in neutral zone.
0:12 of 2nd period - Wrist shot by Andy Andreoff.
0:12 of 2nd period - Shot Misses the Net.
0:14 of 2nd period - Wrist shot by Josh Jooris.
0:14 of 2nd period - Stopped by Connor Knapp with a rebound.
0:16 of 2nd period - Wrist shot by Josh Jooris.
0:16 of 2nd period - Shot Blocked by Tyler Wotherspoon.
0:26 of 2nd period - Christopher Tanev is hit by Jason Dickinson and loses puck.
0:33 of 2nd period - Snap shot by Cedric Paquette.
0:33 of 2nd period - Stopped by Connor Knapp with a rebound.
0:35 of 2nd period - Slapshot by Kyle Connor.
0:35 of 2nd period - Stopped by Connor Knapp without a rebound.
0:36 of 2nd period - Roman Horak wins face-off versus Roope Hintz in Little Stars zone.
1:23 of 2nd period - Tyler Wotherspoon is hit by Danny Biega and loses puck.
1:42 of 2nd period - Christopher Tanev is hit by Zach Budish and loses puck.
1:47 of 2nd period - Wrist shot by Joakim Nygard.
1:47 of 2nd period - Stopped by Connor Hellebyuk with a rebound.
1:49 of 2nd period - Wrist shot by Joakim Nygard.
1:49 of 2nd period - Shot Misses the Net.
1:53 of 2nd period - Snap shot by Roman Horak.
1:53 of 2nd period - Stopped by Connor Hellebyuk with a rebound.
2:03 of 2nd period - Tucker Poolman is hit by Christopher Tanev and loses puck.
2:08 of 2nd period - Wrist shot by Josh Jooris.
2:08 of 2nd period - Stopped by Connor Knapp without a rebound.
2:09 of 2nd period - Daniel O'regan wins face-off versus Roope Hintz in Little Stars zone.
2:20 of 2nd period - Slapshot by Jordan LaVallee.
2:20 of 2nd period - Shot Misses the Net.
2:22 of 2nd period - Slapshot by Anton Cederholm.
2:22 of 2nd period - Shot Misses the Net.
2:24 of 2nd period - Wrist shot by Daniel O'regan.
2:24 of 2nd period - Stopped by Connor Hellebyuk without a rebound.
2:25 of 2nd period - Cedric Paquette wins face-off versus Jason Dickinson in Penguins zone.
2:25 of 2nd period - Cedric Paquette is hit by Tyler Wotherspoon.
2:51 of 2nd period - Cedric Paquette is hit by Roman Horak and loses puck.
3:16 of 2nd period - Snap shot by Josh Jooris.
3:16 of 2nd period - Stopped by Connor Knapp with a rebound.
3:46 of 2nd period - Snap shot by Daniil Tarasov.
3:46 of 2nd period - Stopped by Connor Hellebyuk without a rebound.
3:47 of 2nd period - Frederick Gaudreau wins face-off versus Jason Dickinson in Penguins zone.
4:19 of 2nd period - Slapshot by Jordan LaVallee.
4:19 of 2nd period - Goal by Jordan LaVallee - Little Stars : 1 - Penguins : 0.
4:20 of 2nd period - Roope Hintz wins face-off versus Jordan LaVallee in neutral zone.
4:23 of 2nd period - Slapshot by Josh Jooris.
4:23 of 2nd period - Stopped by Connor Knapp with a rebound.
4:25 of 2nd period - Slapshot by Gavin Bayreuther.
4:25 of 2nd period - Stopped by Connor Knapp with a rebound.
4:29 of 2nd period - Wrist shot by Roope Hintz.
4:29 of 2nd period - Stopped by Connor Knapp with a rebound.
4:31 of 2nd period - Slapshot by Danny Biega.
4:31 of 2nd period - Stopped by Connor Knapp with a rebound.
4:33 of 2nd period - Slapshot by Roope Hintz.
4:33 of 2nd period - Shot Misses the Net.
4:35 of 2nd period - Wrist shot by Andy Andreoff.
4:35 of 2nd period - Shot Blocked by Tyler Wotherspoon.
5:29 of 2nd period - Icing by Anthony Beauvillier.
5:30 of 2nd period - Daniel O'regan wins face-off versus Frederick Gaudreau in Penguins zone.
5:37 of 2nd period - Wrist shot by Sam Reinhart.
5:37 of 2nd period - Stopped by Connor Knapp without a rebound.
5:38 of 2nd period - Daniel O'regan wins face-off versus Roope Hintz in Little Stars zone.
6:53 of 2nd period - Slapshot by Andy Andreoff.
6:53 of 2nd period - Goal by Andy Andreoff - Little Stars : 1 - Penguins : 1.
6:54 of 2nd period - Daniel O'regan wins face-off versus Roope Hintz in neutral zone.
7:03 of 2nd period - Slapshot by Reece Willcox.
7:03 of 2nd period - Stopped by Connor Hellebyuk with a rebound.
7:05 of 2nd period - Slapshot by Eric Knodel.
7:05 of 2nd period - Shot Misses the Net.
7:07 of 2nd period - Slapshot by Reece Willcox.
7:07 of 2nd period - Shot Blocked by Andy Andreoff.
7:09 of 2nd period - Wrist shot by Ilya Mikheyev.
7:09 of 2nd period - Stopped by Connor Hellebyuk with a rebound.
7:36 of 2nd period - Minor Penalty to Jason Dickinson for Diving.
7:37 of 2nd period - Roope Hintz wins face-off versus Daniel O'regan in Little Stars zone.
8:18 of 2nd period - Wrist shot by Vince Hinostroza.
8:18 of 2nd period - Stopped by Connor Knapp without a rebound.
8:19 of 2nd period - Roope Hintz wins face-off versus Adam Tambellini in Little Stars zone.
8:50 of 2nd period - Wrist shot by Cedric Paquette.
8:50 of 2nd period - Shot Misses the Net.
8:52 of 2nd period - Snap shot by Dakota Mermis.
8:52 of 2nd period - Shot Hit the Post.
8:54 of 2nd period - Slapshot by Kyle Connor.
8:54 of 2nd period - Goal by Kyle Connor - Little Stars : 1 - Penguins : 2.
8:55 of 2nd period - Adam Tambellini wins face-off versus Josh Jooris in neutral zone.
9:45 of 2nd period - Joakim Nygard is hit by John Marino and loses puck.
10:04 of 2nd period - Daniil Tarasov is hit by Adam Brooks and loses puck.
10:29 of 2nd period - Jason Dickinson is hit by Roope Hintz and loses puck.
10:43 of 2nd period - Minor Penalty to Sebastian Wannstrom for Tripping.
10:44 of 2nd period - Roope Hintz wins face-off versus Daniel O'regan in Little Stars zone.
12:43 of 2nd period - Penalty to Sebastian Wannstrom is over, Sebastian Wannstrom is back on ice.
12:53 of 2nd period - Wrist shot by Roman Horak.
12:53 of 2nd period - Shot Blocked by Dakota Mermis.
13:23 of 2nd period - Slapshot by Radel Fazleev.
13:23 of 2nd period - Shot Misses the Net.
13:25 of 2nd period - Slapshot by Tucker Poolman.
13:25 of 2nd period - Stopped by Connor Hellebyuk without a rebound.
13:26 of 2nd period - Radel Fazleev wins face-off versus Adam Brooks in Penguins zone.
13:35 of 2nd period - Snap shot by Iven Barbashev.
13:35 of 2nd period - Shot Blocked by Reece Willcox.
13:37 of 2nd period - Wrist shot by Iven Barbashev.
13:37 of 2nd period - Shot Misses the Net.
13:41 of 2nd period - Snap shot by Iven Barbashev.
13:41 of 2nd period - Stopped by Connor Knapp with a rebound.
13:51 of 2nd period - Andy Andreoff is hit by Daniel O'regan and loses puck.
14:03 of 2nd period - Off-side.
14:04 of 2nd period - Sam Reinhart wins face-off versus Jason Dickinson in neutral zone.
14:09 of 2nd period - Slapshot by Sam Reinhart.
14:09 of 2nd period - Shot Blocked by Adam Tambellini.
15:36 of 2nd period - Snap shot by Jordan LaVallee.
15:36 of 2nd period - Stopped by Connor Hellebyuk with a rebound.
15:44 of 2nd period - Wrist shot by Ilya Mikheyev.
15:44 of 2nd period - Shot Blocked by Christopher Tanev.
15:50 of 2nd period - Slapshot by Dakota Mermis.
15:50 of 2nd period - Shot Blocked by Adam Tambellini.
16:04 of 2nd period - Snap shot by Iven Barbashev.
16:04 of 2nd period - Stopped by Connor Knapp with a rebound.
16:26 of 2nd period - Snap shot by Roman Horak.
16:26 of 2nd period - Stopped by Connor Hellebyuk with a rebound.
17:33 of 2nd period - Minor Penalty to Tucker Poolman for Hooking.
17:34 of 2nd period - Daniel O'regan wins face-off versus Roope Hintz in Little Stars zone.
17:50 of 2nd period - Snap shot by Andy Andreoff.
17:50 of 2nd period - Stopped by Connor Knapp with a rebound.
18:00 of 2nd period - Gavin Bayreuther is hit by Jason Dickinson.
18:06 of 2nd period - Slapshot by Gavin Bayreuther.
18:06 of 2nd period - Stopped by Connor Knapp with a rebound.
18:08 of 2nd period - Snap shot by Cedric Paquette.
18:08 of 2nd period - Goal by Cedric Paquette - Little Stars : 1 - Penguins : 3.
18:09 of 2nd period - Roope Hintz wins face-off versus Daniel O'regan in neutral zone.
18:24 of 2nd period - Slapshot by Josh Jooris.
18:24 of 2nd period - Stopped by Connor Knapp with a rebound.
19:15 of 2nd period - Tucker Poolman is hit by Josh Jooris and loses puck.
19:54 of 2nd period - Tyler Wotherspoon is hit by Dakota Mermis.
19:55 of 2nd period - Tyler Wotherspoon from Little Stars is injured at 19:55 of 2nd period (Left Hip).
19:56 of 2nd period - Daniel O'regan wins face-off versus Roope Hintz in Little Stars zone.
19:58 of 2nd period - Icing by Reece Willcox.
19:59 of 2nd period - Roope Hintz wins face-off versus Daniel O'regan in Little Stars zone.
Goals for this period are 1 for Little Stars vs 3 for Penguins.
Shots for this period are 10 for Little Stars vs 19 for Penguins.
3rd period
0:01 of 3rd period - Ilya Mikheyev wins face-off versus Roope Hintz in neutral zone.
0:51 of 3rd period - Icing by Ville Pokka.
0:52 of 3rd period - Roman Horak wins face-off versus Adam Brooks in Little Stars zone.
0:52 of 3rd period - Roman Horak is hit by Iven Barbashev.
1:02 of 3rd period - Slapshot by Ville Pokka.
1:02 of 3rd period - Deflect By Joakim Nygard.
1:02 of 3rd period - Shot Misses the Net.
1:02 of 3rd period - Puck is out of play.
1:03 of 3rd period - Jordan LaVallee wins face-off versus Roope Hintz in Penguins zone.
1:28 of 3rd period - Adam Tambellini is hit by Christopher Tanev and loses puck.
2:18 of 3rd period - Gavin Bayreuther is hit by Ville Pokka and loses puck.
3:06 of 3rd period - Slapshot by Ville Pokka.
3:06 of 3rd period - Deflect By Daniil Tarasov.
3:06 of 3rd period - Goal by Daniil Tarasov - Little Stars : 2 - Penguins : 3.
3:07 of 3rd period - Ilya Mikheyev wins face-off versus Roope Hintz in neutral zone.
3:22 of 3rd period - Snap shot by Andy Andreoff.
3:22 of 3rd period - Stopped by Connor Knapp with a rebound.
3:28 of 3rd period - Minor Penalty to Reece Willcox for Tripping.
3:29 of 3rd period - Daniel O'regan wins face-off versus Roope Hintz in Little Stars zone.
3:54 of 3rd period - Daniel O'regan is hit by Cedric Paquette and loses puck.
4:17 of 3rd period - Adam Tambellini is hit by Roope Hintz and loses puck.
5:28 of 3rd period - Penalty to Reece Willcox is over, Reece Willcox is back on ice.
5:33 of 3rd period - Tucker Poolman is hit by Danny Biega and loses puck.
5:42 of 3rd period - Wrist shot by Anthony Beauvillier.
5:42 of 3rd period - Shot Misses the Net.
5:44 of 3rd period - Slapshot by Frederick Gaudreau.
5:44 of 3rd period - Shot Misses the Net.
6:15 of 3rd period - Michael Mersch is hit by Sam Reinhart and loses puck.
7:21 of 3rd period - Sam Reinhart is hit by Radel Fazleev and loses puck.
7:32 of 3rd period - Frederick Gaudreau is hit by Sebastian Wannstrom and loses puck.
7:59 of 3rd period - Ilya Mikheyev is hit by Adam Brooks and loses puck.
8:14 of 3rd period - Daniil Tarasov is hit by Vince Hinostroza and loses puck.
8:25 of 3rd period - Anton Cederholm is hit by Andy Andreoff and loses puck.
8:36 of 3rd period - Joakim Nygard is hit by Anthony Beauvillier.
8:52 of 3rd period - Wrist shot by Vince Hinostroza.
8:52 of 3rd period - Stopped by Connor Knapp with a rebound.
8:54 of 3rd period - Wrist shot by Adam Brooks.
8:54 of 3rd period - Stopped by Connor Knapp with a rebound.
9:09 of 3rd period - Icing by Andy Andreoff.
9:10 of 3rd period - Cedric Paquette wins face-off versus Radel Fazleev in Penguins zone.
9:10 of 3rd period - Cedric Paquette is hit by Eric Knodel.
9:41 of 3rd period - Off-side.
9:42 of 3rd period - Daniel O'regan wins face-off versus Frederick Gaudreau in neutral zone.
10:08 of 3rd period - Sebastian Wannstrom is hit by Andy Andreoff and loses puck.
10:20 of 3rd period - Dakota Mermis is hit by Zach Budish and loses puck.
10:39 of 3rd period - Kyle Connor is hit by Daniil Tarasov and loses puck.
11:03 of 3rd period - Jordan LaVallee is hit by Juuso Ikonen and loses puck.
11:28 of 3rd period - Wrist shot by Frederick Gaudreau.
11:28 of 3rd period - Shot Blocked by Jason Dickinson.
11:38 of 3rd period - Zach Budish is hit by Josh Jooris.
11:58 of 3rd period - Michael Mersch is hit by Kyle Connor and loses puck.
12:05 of 3rd period - Snap shot by Vince Hinostroza.
12:05 of 3rd period - Stopped by Connor Knapp with a rebound.
12:07 of 3rd period - Slapshot by Vince Hinostroza.
12:07 of 3rd period - Stopped by Connor Knapp with a rebound.
12:09 of 3rd period - Slapshot by Matthew Finn.
12:09 of 3rd period - Deflect By Vince Hinostroza.
12:09 of 3rd period - Stopped by Connor Knapp with a rebound.
12:28 of 3rd period - Snap shot by Jordan LaVallee.
12:28 of 3rd period - Stopped by Connor Hellebyuk with a rebound.
12:30 of 3rd period - Slapshot by Tucker Poolman.
12:30 of 3rd period - Shot Blocked by Gavin Bayreuther.
12:32 of 3rd period - Slapshot by Tucker Poolman.
12:32 of 3rd period - Stopped by Connor Hellebyuk with a rebound.
12:46 of 3rd period - Slapshot by Gavin Bayreuther.
12:46 of 3rd period - Shot Misses the Net.
12:48 of 3rd period - Wrist shot by Juuso Ikonen.
12:48 of 3rd period - Stopped by Connor Knapp without a rebound.
12:49 of 3rd period - Jason Dickinson wins face-off versus Roope Hintz in Little Stars zone.
12:49 of 3rd period - Jason Dickinson is hit by Dakota Mermis.
12:55 of 3rd period - Andy Andreoff is hit by Jason Dickinson.
12:59 of 3rd period - Slapshot by Josh Jooris.
12:59 of 3rd period - Shot Misses the Net.
13:01 of 3rd period - Slapshot by John Marino.
13:01 of 3rd period - Goal by John Marino - Little Stars : 2 - Penguins : 4.
13:02 of 3rd period - Roope Hintz wins face-off versus Daniel O'regan in neutral zone.
13:11 of 3rd period - Slapshot by Roope Hintz.
13:11 of 3rd period - Stopped by Connor Knapp with a rebound.
13:14 of 3rd period - Icing by Eric Knodel.
13:15 of 3rd period - Andy Andreoff wins face-off versus Daniel O'regan in Little Stars zone.
13:17 of 3rd period - Minor Penalty to Josh Jooris for Holding.
13:18 of 3rd period - Daniel O'regan wins face-off versus Roope Hintz in Penguins zone.
14:24 of 3rd period - Daniel O'regan is hit by Gavin Bayreuther and loses puck.
15:17 of 3rd period - Penalty to Josh Jooris is over, Josh Jooris is back on ice.
15:34 of 3rd period - Wrist shot by Joakim Nygard.
15:34 of 3rd period - Shot Misses the Net.
15:36 of 3rd period - Snap shot by Anton Cederholm.
15:36 of 3rd period - Deflect By Joakim Nygard.
15:36 of 3rd period - Stopped by Connor Hellebyuk with a rebound.
15:40 of 3rd period - Wrist shot by Roman Horak.
15:40 of 3rd period - Shot Misses the Net.
15:52 of 3rd period - Wrist shot by Michael Mersch.
15:52 of 3rd period - Shot Blocked by Cedric Paquette.
16:29 of 3rd period - Jordan LaVallee is hit by Josh Jooris and loses puck.
16:46 of 3rd period - Zach Budish is hit by Iven Barbashev and loses puck.
17:07 of 3rd period - Matthew Finn is hit by Reece Willcox and loses puck.
17:21 of 3rd period - Icing by Reece Willcox.
17:22 of 3rd period - Cedric Paquette wins face-off versus Daniil Tarasov in Little Stars zone.
19:35 of 3rd period - Roope Hintz is hit by Ville Pokka and loses puck.
19:48 of 3rd period - Joakim Nygard is hit by Anthony Beauvillier and loses puck.
19:59 of 3rd period - Daniel O'regan is hit by Adam Brooks and loses puck.
Goals for this period are 1 for Little Stars vs 1 for Penguins.
Shots for this period are 4 for Little Stars vs 9 for Penguins.